 Dungeon Crawl Stone Soup version 0.23-a0-480-g1869896531 (webtiles) character file.

2 LostNumber the Caller (level 1, -2/13 HPs)
             Began as a Mummy Summoner on Nov 29, 2018.
             Slain by a jackal (3 damage)
             ... on level 1 of the Dungeon.
             The game lasted 00:00:25 (190 turns).

LostNumber the Caller (Mummy Summoner)               Turns: 190, Time: 00:00:25

Health: -2/13      AC:  2    Str: 11    XL:     1   Next: 25%
Magic:  1/4        EV: 12    Int: 14    God:
Gold:   0          SH:  0    Dex: 12    Spells: 4/5 levels left

rFire    x . .     SeeInvis .   b - +0 dagger
rCold    + . .     Gourm    .   (no shield)
rNeg     + + +     Faith    .   a - +0 robe
rPois    ∞         Spirit   .   (no helmet)
rElec    .         Reflect  .   (no cloak)
rCorr    .         Harm     .   (no gloves)
MR       .....                  (no boots)
Stlth    ++........             (no amulet)
HPRegen  0.04/turn              (no ring)
MPRegen  0.09/turn              (no ring)

@: very slightly contaminated
A: no food or potions, fire vulnerability, cold resistance 1, negative energy
resistance 3, torment resistance, unbreathing
a: no special abilities


You were on level 1 of the Dungeon.
You were not hungry.

You visited 1 branch of the dungeon, and saw 1 of its levels.

Inventory:

Hand Weapons
 b - a +0 dagger (weapon)
Armour
 a - a +0 robe (worn)


   Skills:
 + Level 0.1 Fighting
 - Level 1.5 Dodging
 - Level 1.5 Stealth
 + Level 2.7 Spellcasting
 * Level 3.3 Summonings


You had 4 spell levels left.
You knew the following spells:

 Your Spells              Type           Power        Failure   Level  Hunger
a - Summon Small Mammal   Summ           ##..         5%          1    N/A

Your spell library contained the following spells:

 Spells                   Type           Power        Failure   Level  Hunger
 Call Imp                 Summ           ##......     9%          2    N/A
 Call Canine Familiar     Summ           ##......     17%         3    N/A
 Summon Guardian Golem    Hex/Summ       #.......     32%         3    N/A
 Summon Ice Beast         Ice/Summ       #.......     73%         4    N/A
 Summon Lightning Spire   Summ/Air       #.......     73%         4    N/A

Dungeon Overview and Level Annotations

Branches:
Dungeon (1/15)

Altars:


Innate Abilities, Weirdness & Mutations

You do not eat or drink.
Your flesh is vulnerable to fire.
You are immune to poison.
Your flesh is cold resistant. (rC+)
You are immune to negative energy. (rN+++)
You are immune to unholy pain and torment.
You can survive without breathing.


Message History

The jackal closely misses your bat.
Your bat hits the jackal but does no damage.
The jackal barely misses your bat.
Your bat hits the jackal but does no damage.
The jackal bites your bat.
Your bat dies!
Your bat's corpse disappears in a puff of smoke!
Casting: Summon Small Mammal (safe; 5% risk of failure)
Confirm with . or Enter, or press ? or * to list all spells.
The jackal misses you.
You swap places.
Something bites your bat. The jackal closely misses your bat.
Casting: Summon Small Mammal (safe; 5% risk of failure)
Confirm with . or Enter, or press ? or * to list all spells.
You miscast Summon Small Mammal.
You feel a strange surge of energy!
Your bat hits the jackal.
Your bat closely misses the jackal.
The jackal closely misses your bat.
Your bat closely misses the jackal.
Your bat barely misses the jackal.
Your bat completely misses the jackal.
The jackal bites you.
You die...

##################
.................#
################.#
...............#.#
##############.#.#
...............#.#
################†#
#.# #@# #h# ##h#
#..# #####b#####
#......h..#
#..#######.# # #.#
#.#


You could see 2 jackals and a friendly bat.

Vanquished Creatures (collateral kills)
  A jackal (D:1)
  A goblin (D:1)
2 creatures vanquished.

Notes
Turn   | Place    | Note
-------+----------+-------------------------------------------
     0 | D:1      | LostNumber the Mummy Summoner began the quest for the Orb.
     0 | D:1      | Reached XP level 1. HP: 13/13 MP: 4/4
   190 | D:1      | Slain by a jackal

Vault maps used:
D:1:      wheals_arrival_linesprint

Action                   || total
-------------------------++-------
Melee: Dagger            ||    11
 Cast: Summon Small Mamm ||     4
Armor: Robe              ||     3
Dodge: Dodged            ||    12

Table legend:
 A = Non-vault XP
 B = Vault XP
 C = Vault XP percentage of total XP
 D = Non-vault monster count
 E = Vault monster count
 F = Vault count percentage of total count
                 A         B        C        D         E       F
            +---------+---------+-------+---------+---------+-------
      Total |       3 |       0 |   0.0 |       2 |       0 |   0.0
            +---------+---------+-------+---------+---------+-------
        D:1 |       3 |       0 |   0.0 |       2 |       0 |   0.0
            +---------+---------+-------+---------+---------+-------
